 Dungeon Crawl Stone Soup version 0.31-a0-321-g19405a7a6a (webtiles) character file.

Game seed: 14292394745934699353

478 BrainTurd the Zephyrmancer (level 7, 0/36 HPs)
             Began as a Tengu Air Elementalist on July 18, 2023.
             Was an Initiate of Vehumet.
             Killed by their own static electricity (2 damage)
             ... on level 5 of the Dungeon.
             The game lasted 00:23:20 (4946 turns).

BrainTurd the Zephyrmancer (Tengu Air Elementalist) Turns: 4946, Time: 00:23:20

Health: 0/36       AC:  4    Str:  9    XL:     7   Next: 11%
Magic:  5/11       EV: 14    Int: 17    God:    Vehumet [......]
Gold:   257        SH:  0    Dex: 12    Spells: 4/10 levels left

rFire   . . .        o - +2 dagger (chaos)
rCold   . . .        (no shield)
rNeg    . . .        a - +0 robe
rPois   .            (helmet restricted)
rElec   .            (no cloak)
rCorr   .            d - +1 pair of gloves
SInv    .            (boots unavailable)
Will    .....        (no amulet)
Stlth   ++           (no ring)
HPRegen 0.26/turn    (no ring)
MPRegen 0.12/turn

%: no passive effects
@: flying quickly and evasively, unable to drink, quick
A: beak, talons 3, nimble flight, clumsy 1, inability to drink after injury 1
a: Renounce Religion


You were on level 5 of the Dungeon.
You worshipped Vehumet.
Vehumet was noncommittal.
You visited 2 branches of the dungeon, and saw 6 of its levels.

You collected 257 gold pieces.

Inventory:

Hand Weapons
 c - a +0 dagger of speed
 o - a +2 dagger of chaos (weapon)
Armour
 a - a +0 robe (worn)
 d - a +1 pair of gloves (worn)
Wands
 p - a wand of mindburst (17)
Scrolls
 e - a scroll of identify
 f - a scroll of immolation
 g - a scroll of brand weapon
 h - a scroll of teleportation
Potions
 b - 3 potions of magic
 i - a potion of berserk rage
 j - 2 potions of brilliance
 l - 2 potions of ambrosia
 m - 3 potions of curing
 r - a potion of degeneration {unknown}


   Skills:
 - Level 2.1 Dodging
 - Level 2.0 Stealth
 - Level 2.0 Spellcasting
 + Level 5.7 Conjurations
 * Level 8.5 Air Magic


You had 4 spell levels left.
You knew the following spells:

 Your Spells              Type           Power      Damage    Failure   Level
a - Shock                 Conj/Air       100%       1d9       1%          1
b - Static Discharge      Conj/Air       52%        2-5/arc   1%          2
c - Swiftness             Air            30%        N/A       1%          3

Your spell library contained the following spells:

 Spells                   Type           Power      Damage    Failure   Level
 Airstrike                Air            15%        2d(3-19)  6%          4
 Tukima's Dance           Hex            1%         N/A       50%         3
 Passage of Golubria      Tloc           1%         N/A       88%         4
 Yara's Violent Unravell  Hex/Tmut       0%         3d3       99%         5


Dungeon Overview and Level Annotations

Branches:
Dungeon (5/15)             Temple (1/1) D:4

Altars:
Ashenzari
Cheibriados
Dithmenos
Elyvilon
Fedhas
Gozag
Hepliaklqana
Makhleb
Nemelex Xobeh
Okawaru
Qazlal
Ru
Trog
Uskayaw
Vehumet
Wu Jian
Xom
Yredelemnul
Zin
The Shining One

Annotations:
D:2 Sigmund
D:3 2 runed translucent doors


Innate Abilities, Weirdness & Mutations

You have a beak for a mouth.
You have claws for feet.
Your magical nature lets you fly swiftly and evasively.
You are clumsy. (Dex -2)
You occasionally lose the ability to drink potions when taking damage.


Message History

Something hits you!
Aiming: Shock (safe; 1% risk of failure)
Press: ? - help, Q - select action, (/) - cycle Shift-Dir - straight line, f - orc warrior
Aim: an orc warrior, wielding a +0 orcbow and wearing a +0 chain mail (lightly wounded, 71% to hit)
The zap hits something!
The zap hits the orc warrior.
The orc warrior is lightly wounded.
Something hits you.
The orc warrior shoots an arrow.
The arrow completely misses you.
Aiming: Shock (safe; 1% risk of failure)
Press: ? - help, Q - select action, (/) - cycle Shift-Dir - straight line, f/p - orc warrior
Aim: an orc warrior, wielding a +0 orcbow and wearing a +0 chain mail (lightly wounded, 71% to hit)
The zap hits something.
The zap hits the orc warrior!
The orc warrior is heavily wounded.
Something hits you.
* * * LOW HITPOINT WARNING * * *
The orc warrior shoots an arrow.
The arrow hits you!
You feel threatened and lose the ability to drink potions!
* * * LOW HITPOINT WARNING * * *
You cannot drink potions in your current state!
Blink to where?
Press: ? - help, Dir - move target, p - orc warrior
As you read the scroll labelled KAZ QOMOUXT, it crumbles to dust.
It was a scroll of blinking.
Okay, then.
Something completely misses you.
You cannot drink potions in your current state!
As you read the scroll labelled NUMAICU NUTEBB, it crumbles to dust.
You hear a loud clanging noise!
It was a scroll of noise.
You hear a shout!
Something hits you.
* * * LOW HITPOINT WARNING * * *
Casting: Shock (safe; 1% risk of failure)
Confirm with . or Enter, or press ? or * to list all spells.
You can't see any susceptible monsters within range! (Use Z to cast anyway.)
Casting: Shock (safe; 1% risk of failure)
Confirm with . or Enter, or press ? or * to list all spells.
Something is struck by an arc of lightning.
You are struck by an arc of lightning.
You die...

#...#...# #....# #........#:.
##..#...# ###....###.....#...#
#..#.... ##...........####.....
##......................# #....#
.###.......##...#...###
##.....####......# #....##
....... #....# #..##.. ##.@.##
#..# #... .###.. ##....# #..#
#... ..##..## ##.....##
##..##...#
.......#####.......#####...#...#
......................##......#
..##..........รท...............#
.## #..........######........#
..###.........## ####.....#
...##......#..## ##...##


There were no monsters in sight!

Vanquished Creatures
  A scorpion (D:5)
  3 hounds
  2 orc priests (D:3)
  3 iguanas
  A mummy (D:4)
  Robin (D:2)
  8 adders
  An ufetubus (D:5)
  A dart slug (D:1)
  6 orcs
  4 bats
  5 endoplasms
  3 giant cockroaches
  13 goblins
  10 hobgoblins
  A quokka (D:1)
  3 ball pythons
  5 frilled lizards
  A hobgoblin zombie (D:4)
  10 kobolds
  A kobold zombie (D:4)
  2 orc zombies (D:4)
  6 rats
91 creatures vanquished.

Notes
Turn   | Place    | Note
-------+----------+-------------------------------------------
     0 | D:1      | BrainTurd the Tengu Air Elementalist began the quest for
                  | the Orb.
     0 | D:1      | Reached XP level 1. HP: 10/10 MP: 4/4
   454 | D:1      | Reached XP level 2. HP: 15/15 MP: 4/6
  1087 | D:2      | Noticed Robin
  1098 | D:2      | Killed Robin
  1099 | D:2      | Reached XP level 3. HP: 19/19 MP: 1/7
  1105 | D:2      | Reached skill level 5 in Air Magic
  1170 | D:1      | Learned a level 2 spell: Static Discharge
  1174 | D:1      | Learned a level 3 spell: Swiftness
  1296 | D:2      | Noticed Sigmund
  1693 | D:2      | Reached XP level 4. HP: 24/24 MP: 4/8
  2486 | D:3      | HP: 1/24 [/static electricity (1)]
  2487 | D:3      | Reached skill level 6 in Air Magic
  2487 | D:3      | Gained mutation: Your magical nature lets you fly swiftly
                  | and evasively. [Tengu growth]
  2487 | D:3      | Reached XP level 5. HP: 2/28 MP: 0/9
  2977 | D:3      | Found a large runed translucent door.
  2978 | D:3      | Found a large runed translucent door.
  2982 | D:3      | Found a shimmering altar of Xom.
  3049 | D:3      | Found a glowing silver altar of Zin.
  3226 | D:3      | Reached skill level 7 in Air Magic
  3226 | D:3      | Reached XP level 6. HP: 29/32 MP: 7/10
  3668 | D:4      | Found a staircase to the Ecumenical Temple.
  3679 | Temple   | Entered the Ecumenical Temple
  3707 | Temple   | Became a worshipper of Vehumet
  3727 | D:4      | Found a stormy altar of Qazlal.
  3792 | D:4      | Identified the +1 ring mail of Weightlessness {rElec rF-
                  | Str+3 Int+2}
  3924 | D:4      | Reached skill level 5 in Conjurations
  4408 | D:5      | Entered Level 5 of the Dungeon
  4620 | D:5      | Reached skill level 8 in Air Magic
  4626 | D:5      | Gained mutation: You occasionally lose the ability to drink
                  | potions when taking damage. [potion of mutation]
  4626 | D:5      | Gained mutation: You are clumsy. (Dex -2) [potion of
                  | mutation]
  4800 | D:5      | Reached XP level 7. HP: 29/36 MP: 11/11
  4936 | D:5      | HP: 1/36 [something (9)]
  4946 | D:5      | Killed from afar by themself

Illustrated notes

Levels and vault maps discovered:
D:1:      matt_arrival_diagonals, layout_basic, st_stairs_6
D:2:      layout_loops_ring, uniq_sigmund, uniq_robin
D:3:      due_chaos_kobolds, layout_loops_ring, zin_statuary, minmay_distorted
D:4:      layout_gridville, mainiacjoe_overflow_tiny_flanked,
          minmay_temple_entry_sparse_star, minmay_mini_ossuary
D:5:      layout_layer_cave, minmay_manual_mess
Temple:   nicolae_temple_no_exploring_needed

Skill      XL: |  1  2  3  4  5  6 |
---------------+-------------------+-----
Conjurations   | 2 3 4 5 |  5.7
Air Magic      | 5 6 7 8 |  8.5
Dodging        | |  2.1
Stealth        | |  2.0
Spellcasting   | |  2.0

Action                     |  1- 3 |  4- 6 |  7- 9 || total
---------------------------+-------+-------+-------++-------
  Melee: Dagger            |    31 |    65 |       ||    96
         Peck              |     5 |    10 |       ||    15
         Kick              |     4 |    18 |       ||    22
         Punch             |       |     1 |       ||     1
   Cast: Shock             |    44 |    92 |     9 ||   145
         Static Discharge  |     4 |     2 |       ||     6
         Swiftness         |       |     1 |       ||     1
    Use: Scroll            |       |    12 |     2 ||    14
         Potion            |       |     1 |     1 ||     2
   Stab: Sleeping          |     2 |     2 |       ||     4
         Confused          |       |     2 |       ||     2
 Armour: Robe              |    13 |    12 |     1 ||    26
  Dodge: Dodged            |    24 |    25 |     3 ||    52

Table legend: (Time is in decaauts)
 A = Elapsed time spent in this place.
 B = Non-inter-level travel time spent in this place.
 C = Inter-level travel time spent in this place.
 D = Time resting spent in this place.
 E = Time spent auto-exploring this place.
 F = Levels seen in this place.
 G = Mean time per level.
                   A        B        C        D        E       F      G
               +--------+--------+--------+--------+--------+-----+--------+
         Total |   4788 |   4513 |    275 |    338 |   3392 |   6 |  798.0 |
       Dungeon |   4756 |   4487 |    269 |    338 |   3392 |   5 |  951.2 |
        Temple |     32 |     27 |      5 |      0 |      0 |   1 |   32.0 |
               +--------+--------+--------+--------+--------+-----+--------+

Top non-repeatable levels by time:
     D:1: 1400 daAuts
     D:3: 1116 daAuts
     D:2: 990 daAuts
     D:4: 816 daAuts
     D:5: 432 daAuts
  Temple: 32 daAuts
